 Dungeon Crawl Stone Soup version 0.30.1-11-g7821555f0a (webtiles) character file.

Game seed: 245933580520612602

147 Glitchless the Cudgeller (level 5, -3/33 HPs)
             Began as a Gargoyle Berserker on Dec 9, 2023.
             Was a Believer of Trog.
             Slain by an ogre
             ... wielding a +0 giant club
              (33 damage)
             ... on level 3 of the Dungeon.
             The game lasted 00:06:28 (2316 turns).

Glitchless the Cudgeller (Gargoyle Berserker)       Turns: 2316, Time: 00:06:28

Health: -3/33      AC:  9    Str: 23    XL:     5   Next: 29%
Magic:  5/5        EV: 11    Int:  7    God:    Trog [**....]
Gold:   220        SH:  0    Dex:  9    Spells: 4/4 levels left

rFire   . . .        a - +1 mace
rCold   . . .        (no shield)
rNeg    + . .        i - +0 leather armour {rPois}
rPois   ∞            h - +0 helmet
rElec   +            e - +0 cloak
rCorr   .            (no gloves)
SInv    .            (no boots)
Will    ++...        n - amulet of magic regeneration
Stlth   +            (no ring)
HPRegen 1.25/turn    (no ring)
MPRegen 0.49/turn

%: no passive effects
@: strong-willed, regenerating
A: sickness immunity, AC +4, negative energy resistance 1, electricity
resistance, torment resistance 1, petrification resistance
a: Renounce Religion, Berserk, Trog's Hand


You were on level 3 of the Dungeon.
You worshipped Trog.
Trog was pleased with you.
You visited 1 branch of the dungeon, and saw 3 of its levels.

You collected 220 gold pieces.

Inventory:

Hand Weapons
 a - a +1 mace (weapon)
Armour
 e - a +0 cloak (worn)
 h - a +0 helmet (worn)
 i - a +0 leather armour of poison resistance (worn)
 j - a +3 ring mail of positive energy
Jewellery
 b - an amulet of faith
 n - an amulet of magic regeneration (around neck)
Scrolls
 f - 2 scrolls of teleportation
Potions
 c - 2 potions of curing
 d - a potion of lignification {unknown}
 g - a potion of haste {unknown}
 k - a potion of degeneration {unknown}
 l - a potion of cancellation {unknown}
 m - a potion of heal wounds {unknown}
 o - a potion of might {unknown}


   Skills:
 * Level 4.2 Fighting
 * Level 1.1(2.7) Axes
 * Level 4.3(4.4) Maces & Flails
 * Level 2.8 Armour
 * Level 2.1 Dodging


You had 4 spell levels left.
You didn't know any spells.
Your spell library contained the following spells:

 Spells                   Type           Power      Damage    Failure   Level
 Lesser Beckoning         Tloc           0%         N/A       63%         2
 Gell's Gravitas          Tloc           0%         N/A       85%         3
 Inner Flame              Hex/Fire       0%         N/A       85%         3
 Teleport Other           Tloc           0%         N/A       85%         3
 Flame Wave               Conj/Fire      0%         2d4       99%         4
 Sticky Flame             Conj/Fire      0%         2d3       99%         4
 Yara's Violent Unravell  Hex/Tmut       0%         3d3       100%        5
 Enfeeble                 Hex            0%         N/A       100%        7


Dungeon Overview and Level Annotations

Branches:
Dungeon (3/15)

Altars:
Hepliaklqana


Innate Abilities, Weirdness & Mutations

You are immune to sickness and miasma.
Your stone body is resilient. (AC +4)
You are immune to poison.
You resist negative energy. (rN+)
You are resistant to electric shocks. (rElec)
You are resistant to unholy torment.
You are immune to petrification.


Message History

The goblin attacks as you move away! The goblin barely misses you.
You hit the goblin.
The goblin is moderately wounded.
The goblin hits you but does no damage.
You hit the goblin.
You kill the goblin!
Trog accepts your kill. The goblin barely misses you.
You closely miss the goblin. The goblin barely misses you.
You hit the goblin.
The goblin is heavily wounded.
The goblin hits you but does no damage.
You hit the goblin.
The goblin is almost dead.
The goblin hits you but does no damage.
You barely miss the goblin.
The goblin is almost dead.
The goblin barely misses you.
You thump the goblin!
You kill the goblin!
Trog accepts your kill. The goblin hits you but does no damage.
You barely miss the goblin. The goblin hits you with a +0 dagger.
You miss the goblin. The goblin hits you but does no damage.
You closely miss the goblin. The goblin hits you with a +0 dagger.
You barely miss the goblin. The goblin hits you with a +0 dagger.
You hit the goblin. Your punch misses the goblin.
The goblin is heavily wounded.
The goblin hits you with a +0 dagger. The goblin hits you but does no damage.
You closely miss the goblin.
The goblin is heavily wounded.
The goblin hits you with a +0 dagger.
You sock the goblin!
You kill the goblin!
Trog accepts your kill.
Your skin crawls.
You feel strong-willed.
The ogre hits you with a +0 giant club!!
Ouch! That really hurt!
You die...

.#.#.## #####....>#.#
#.##....###
#.#.#[###.....<.###.#
#.#.....#
.#+#......#####.###.#
#.#.#.### .?..#.....# #)#...#
#...#.# .........##
#.###########.# ....#....#
#.).).).......#
.......>.####################
#'#.#^...+.......#
.#.#'....#### #@###
#.#.#....##.#####Og#######
.#.#.....##.#..g#g.#.....#
#.#+#...###.#.Og)g.#.....#
.#.....P....#.((#..#.....#
#....PP§#P..#####........#
.#....P.§.P..............#
#.PP..§.§P...............#
...#.._†#.P..###.........#


You could see an ogre and 3 goblins.

Vanquished Creatures
  Natasha (D:3)
  Terence (D:3)
  Robin (D:3)
  An adder (D:3)
  An adder zombie (D:3)
  A dart slug (D:1)
  An orc (D:3)
  5 bats
  3 endoplasms
  3 giant cockroaches (D:2)
  18 goblins
  6 hobgoblins
  8 jackals
  5 kobolds
  A quokka (D:2)
  2 ball pythons (D:1)
  2 frilled lizards (D:2)
  2 rats
62 creatures vanquished.

Notes
Turn   | Place    | Note
-------+----------+-------------------------------------------
     0 | D:1      | Glitchless the Gargoyle Berserker began the quest for the
                  | Orb.
     0 | D:1      | Reached XP level 1. HP: 14/14 MP: 1/1
   113 | D:1      | Reached XP level 2. HP: 19/19 MP: 2/2
   764 | D:2      | Reached XP level 3. HP: 24/24 MP: 3/3
   859 | D:2      | Reached ** piety under Trog
  1802 | D:3      | Reached XP level 4. HP: 27/29 MP: 4/4
  1857 | D:3      | Noticed Robin
  1888 | D:3      | Killed Robin
  1889 | D:3      | Reached skill level 1 in Axes
  1969 | D:3      | Noticed Terence
  1980 | D:3      | Killed Terence
  2110 | D:3      | Identified the +0 pair of boots of Circular Logic {Dex+5}
  2173 | D:3      | Noticed Natasha
  2186 | D:3      | Killed Natasha
  2187 | D:3      | Reached XP level 5. HP: 23/33 MP: 5/5
  2270 | D:3      | Found a hazy altar of Hepliaklqana.
  2293 | D:3      | Noticed an ogre
  2316 | D:3      | Slain by an ogre

Illustrated notes

Levels and vault maps discovered:
D:1:      ncdulo_watergridlock, layout_basic
D:2:      layout_loops_ring, minmay_tromino_v4_a
D:3:      layout_basic, nicolae_hepliaklqana_hazy_memory, serial_undead,
          serial_undead_f, serial_undead_b, serial_undead_b, serial_undead_f,
          minmay_ogre_servants, uniq_crazy_yiuf_cottage, uniq_natasha,
          uniq_terence, uniq_robin

Skill      XL: |  1  2  3  4 |
---------------+-------------+-----
Fighting       | 4 |  4.2
Axes           | 1 |  1.1
Dodging        | 2 |  2.1
Maces & Flails | 4 |  4.3
Armour         | |  2.8

Action                     |  1- 3 |  4- 6 || total
---------------------------+-------+-------++-------
  Melee: Mace              |   120 |    84 ||   204
         Punch             |     1 |       ||     1
 Invoke: Trog's Hand       |       |     3 ||     3
         Berserk           |       |     2 ||     2
    Use: Scroll            |     7 |       ||     7
 Armour: Animal skin       |    18 |       ||    18
         Leather armour    |    26 |    46 ||    72
  Dodge: Dodged            |    96 |    54 ||   150
